 Dungeon Crawl Stone Soup version 0.29-a0-1009-g60c99734e7 (webtiles) character file.

Game seed: 4866504024707520298

14 ragingrage the Chopper (level 2, -2/16 HPs)
             Began as a Vine Stalker Chaos Knight on Aug 8, 2022.
             Was a Plaything of Xom.
             Slain by a quokka (3 damage)
             ... on level 2 of the Dungeon.
             The game lasted 00:00:49 (873 turns).

ragingrage the Chopper (Vine Stalker Chaos Knight)   Turns: 873, Time: 00:00:49

Health: -2/16      AC:  5    Str: 14    XL:     2   Next: 41%
Magic:  0/3        EV: 11    Int: 12    God:    Xom [..*...]
Gold:   43         SH:  0    Dex: 13    Spells: 1/1 levels left

rFire   . . .      SeeInvis .   m - +3 dagger (drain)
rCold   . . .      Faith    .   (no shield)
rNeg    . . .      Spirit   +   b - +2 leather armour
rPois   .          Reflect  .   (no helmet)
rElec   .          Harm     .   (no cloak)
rCorr   .          Rampage  .   (no gloves)
Will    .....                   (no boots)
Stlth   +.........              (no amulet)
HPRegen 0.05/turn               (no ring)
MPRegen 0.08/turn               (no ring)

@: no status effects
A: fangs 2, magic shield, antimagic bite, no potion heal 2
a: Renounce Religion


You were on level 2 of the Dungeon.
You worshipped Xom.
You were a toy of Xom.
You visited 1 branch of the dungeon, and saw 2 of its levels.

You collected 43 gold pieces.

Inventory:

Hand Weapons
 a - a +0 hand axe of chaos
 m - a +3 dagger of draining (weapon)
Missiles
 n - 6 poisoned darts
Armour
 b - a +2 leather armour (worn)
Scrolls
 f - 2 scrolls of poison {unknown}
 h - a scroll of identify {unknown}
 j - a scroll of noise {unknown}
 k - a scroll of immolation {unknown}
Potions
 d - 2 potions of curing {unknown}
 e - a potion of cancellation {unknown}
 g - a potion of berserk rage {unknown}
 i - a potion of lignification {unknown}
 l - a potion of heal wounds {unknown}
Miscellaneous
 c - a piece from Xom's chessboard (15/15) (quivered)


   Skills:
 - Level 2.6 Fighting
 * Level 3.4 Axes
 - Level 1.5 Armour
 - Level 0.7 Dodging


You had one spell level left.
You didn't know any spells.
Your spell library was empty.

Dungeon Overview and Level Annotations

Branches:
Dungeon (2/15)

Altars:


Innate Abilities, Weirdness & Mutations

You have extremely sharp teeth.
When hurt, damage is shared between your health and your magic reserves.
Your bite disrupts and absorbs the magic of your enemies.
Potions cannot restore your health.


Message History

You hit the goblin. Your bite misses the goblin.
The goblin is almost dead.
The goblin closely misses you.
You barely miss the goblin.
The goblin is almost dead.
The goblin misses you. The kobold hits you with a +0 club.
You barely miss the kobold.
A goblin comes into view. It is wielding a +0 club.
The goblin hits you with a +0 dagger. The kobold hits you with a +0 club.
* * * LOW HITPOINT WARNING * * *
You closely miss the kobold.
The goblin shouts!
You bite the kobold. You drain its power.
You feel invigorated.
The kobold is severely wounded.
The goblin barely misses you. The kobold hits you with a +0 club.
* * * LOW HITPOINT WARNING * * *
The kobold attacks as you move away! The kobold hits you but does no damage.
You hit the goblin.
You kill the goblin!
The kobold hits you but does no damage.
You hit the kobold.
You kill the kobold!
You hit the goblin. You drain the goblin.
You kill the goblin!
A quokka comes into view.
Things that are here:
a +0 club; a book of Misfortune A quokka is nearby!
A quokka is nearby!
The quokka bites you.
* * * LOW HITPOINT WARNING * * *
You completely miss the quokka. Your bite misses the quokka.
The quokka bites you.
* * * LOW HITPOINT WARNING * * *
The quokka barely misses you.
You barely miss the quokka. You bite the quokka, but do no damage.
Xom makes a sudden noise!
You hear a crunching sound.
You hear an angry hiss. x2
The quokka bites you.
You die...

#...!....# #:.......#
#........# #........##
. #$.......(# ..
#..$......# ..#
#...).....###### ..
+...)...........
#..##.#....)..@r##
...<...<.>#...#......#
.#.#.##.#.###.#......#
.. ....?....#...#..#
#...####.........# .#
. ..........# .
#+#######.# .#


You could see a quokka.

Vanquished Creatures
  An endoplasm (D:1)
  2 hobgoblins (D:1)
  2 bats (D:1)
  5 goblins
  A kobold (D:2)
  A rat (D:1)
12 creatures vanquished.

Notes
Turn   | Place    | Note
-------+----------+-------------------------------------------
     0 | D:1      | ragingrage the Vine Stalker Chaos Knight began the quest
                  | for the Orb.
     0 | D:1      | Reached XP level 1. HP: 11/11 MP: 2/2
   125 | D:1      | Found a faded altar of an unknown god.
   293 | D:1      | XOM: divination: detect items
   297 | D:1      | Reached skill level 3 in Axes
   435 | D:1      | Reached XP level 2. HP: 16/16 MP: 3/3
   514 | D:1      | XOM: divination: magic mapping
   651 | D:1      | XOM: silly message
   725 | D:1      | XOM: cloud trail
   873 | D:2      | XOM: noise
   873 | D:2      | Slain by a quokka

Illustrated notes

Levels and vault maps discovered:
D:1:      dpeg_arrival_long_road, layout_loops_ring,
          hellmonk_ecumenical_altar_pennies_from_heaven, grunt_decor_cap
D:2:      layout_basic

Skill      XL: |  1 |
---------------+----+-----
Axes           | 3 |  3.4
Fighting       | |  2.6
Armour         | |  1.5
Dodging        | |  0.7

Action                   || total
-------------------------++-------
Melee: Hand axe          ||    20
       Bite              ||     7
       Punch             ||     1
       Dagger            ||    12
Armor: Leather armour    ||    11
Dodge: Dodged            ||    16

Table legend: (Time is in decaauts)
 A = Elapsed time spent in this place.
 B = Non-inter-level travel time spent in this place.
 C = Inter-level travel time spent in this place.
 D = Time resting spent in this place.
 E = Time spent auto-exploring this place.
 F = Levels seen in this place.
 G = Mean time per level.
                   A        B        C        D        E       F      G
               +--------+--------+--------+--------+--------+-----+--------+
         Total |    878 |    874 |      4 |      0 |    765 |   2 |  439.0 |
       Dungeon |    878 |    874 |      4 |      0 |    765 |   2 |  439.0 |
               +--------+--------+--------+--------+--------+-----+--------+

Top non-repeatable levels by time:
     D:1: 857 daAuts
     D:2: 20 daAuts
